 Dungeon Crawl Stone Soup version 0.29-a0-322-g68df515428 (webtiles) character file.

Game seed: 10348875789489652103

19170 enile the Geomancer (level 12, -5/136 HPs)
             Began as a Gnoll Wanderer on Apr 5, 2022.
             Was an Initiate of Gozag.
             Succumbed to an emperor scorpion's poison
             ... on level 1 of the Lair of Beasts.
             The game lasted 00:24:50 (13138 turns).

enile the Geomancer (Gnoll Wanderer)               Turns: 13138, Time: 00:24:51

Health: -5/136     AC: 16    Str: 15    XL:     12   Next: 66%
Magic:  7/8        EV: 15    Int:  9    God:    Gozag
Gold:   1911       SH:  0    Dex: 19    Spells: 26/29 levels left

rFire   . . .      SeeInvis .   u - +11 battleaxe of Bathis {antimagic, rElec rCorr}
rCold   + . .      Faith    .   (shield currently unavailable)
rNeg    . . .      Spirit   .   k - +4 ring mail
rPois   .          Reflect  .   (no helmet)
rElec   +          Harm     .   V - scarf {repulsion}
rCorr   +          Rampage  .   g - +0 pair of gloves of the Slug {rElec rC+ Int-3 Stlth+}
Will    .....                   (no boots)
Stlth   ..........              i - amulet of regeneration
HPRegen 1.12/turn               N - +6 ring of dexterity
MPRegen 0.11/turn               U - +4 ring of protection

@: berserking (expiring), lethally poisoned (-5 -> -51), gold aura, repel
missiles, very quick
A: fangs 1, strong nose, distributed training
a: Renounce Religion, Potion Petition, Call Merchant, Bribe Branch


You were on level 1 of the Lair of Beasts.
You worshipped Gozag.
Gozag was most pleased with you.
You visited 2 branches of the dungeon, and saw 13 of its levels.
You also visited: Sewer.

You collected 2799 gold pieces.
You spent 888 gold pieces at shops.

Inventory:

Hand Weapons
 a - a +0 hand axe
 c - a +0 dagger
 n - a +2 great mace of holy wrath
 u - the +11 battleaxe of Bathis (weapon) {antimagic, rElec rCorr}
   (You bought it in a shop on level 1 of the Dungeon)

   It reduces the magical energy of the wielder, and disrupts the spells and
   magical abilities of those it strikes.
   Natural abilities and divine invocations are not affected.
   rElec:     It insulates you from electricity.
   rCorr:     It protects you from acid and corrosion.
 z - a +3 quarterstaff of chaos
Missiles
 b - 19 boomerangs (quivered)
 D - 54 poisoned darts
Armour
 f - a +0 leather armour
 g - the +0 pair of gloves of the Slug (worn) {rElec rC+ Int-3 Stlth+}
   (You acquired it on level 5 of the Dungeon)

   Int:       It affects your intelligence (-3).
   rC:        It protects you from cold.
   rElec:     It insulates you from electricity.
   Stlth:     It makes you more stealthy.
 k - a +4 ring mail (worn)
 r - a +0 tower shield
 H - a +2 buckler
 V - a scarf of repulsion (worn)
Jewellery
 i - an amulet of regeneration (around neck)
 N - a +6 ring of dexterity (left hand)
 Q - a ring of magical power
 U - a +4 ring of protection (right hand)
Wands
 m - a wand of paralysis (18)
 w - a wand of flame (26)
 A - a wand of charming (13)
 B - a wand of iceblast (8)
 I - a wand of mindburst (14)
Scrolls
 e - a scroll of fog
 j - 4 scrolls of vulnerability
 q - a scroll of torment
 s - 3 scrolls of noise
 t - a scroll of magic mapping
 v - 2 scrolls of fear
 y - 2 scrolls of enchant weapon
 E - 4 scrolls of enchant armour
 G - 8 scrolls of teleportation
 K - a scroll of summoning
 S - a scroll of brand weapon
 Y - a scroll of holy word
Potions
 d - 4 potions of lignification
 h - 2 potions of might
 l - 8 potions of curing
 o - 8 potions of heal wounds
 p - 4 potions of haste
 x - a potion of berserk rage
 C - a potion of degeneration
 F - 2 potions of cancellation {unknown}
 J - 2 potions of attraction {unknown}
 M - 4 potions of brilliance {unknown}
 O - 2 potions of flight {unknown}
 P - 2 potions of mutation {unknown}
 R - 2 potions of magic {unknown}
 T - a potion of resistance
 X - a potion of invisibility
 Z - a potion of ambrosia {unknown}
Miscellaneous
 W - a phantom mirror (inert)


   Skills:
 + Level 7.5 Fighting
 + Level 7.5 Short Blades
 + Level 7.5 Long Blades
 + Level 8.9 Axes
 + Level 7.5 Maces & Flails
 + Level 7.5 Polearms
 + Level 7.5 Staves
 + Level 7.5 Slings
 + Level 7.5 Bows
 + Level 7.5 Crossbows
 + Level 8.0 Throwing
 + Level 7.5 Armour
 + Level 7.5 Dodging
 + Level 7.5 Stealth
 + Level 7.5 Shields
 + Level 7.5 Unarmed Combat
 + Level 9.1 Spellcasting
 + Level 6.2 Conjurations
 + Level 6.2 Hexes
 + Level 6.2 Summonings
 + Level 6.2 Necromancy
 + Level 6.2 Translocations
 + Level 6.2 Transmutations
 + Level 6.2 Fire Magic
 + Level 6.2 Ice Magic
 + Level 6.2 Air Magic
 + Level 10.8 Earth Magic
 + Level 6.2 Poison Magic
 + Level 8.2 Invocations
 + Level 7.5 Evocations


You had 26 spell levels left.
You knew the following spells:

 Your Spells              Type           Power      Damage    Failure   Level
a - Sandblast             Erth           46%        2d11      1%          1
b - Blink                 Tloc           30%        N/A       3%          2

Your spell library contained the following spells:

 Spells                   Type           Power      Damage    Failure   Level
 Animate Skeleton         Necr           30%        N/A       2%          1
 Apportation              Tloc           30%        N/A       2%          1
 Summon Small Mammal      Summ           60%        N/A       2%          1
 Ensorcelled Hibernation  Hex/Ice        30%        N/A       3%          2
 Call Canine Familiar     Summ           15%        N/A       7%          3
 Dazzling Flash           Conj/Hex       30%        N/A       7%          3
 Frozen Ramparts          Ice            30%        1d5       7%          3
 Lesser Beckoning         Tloc           15%        N/A       7%          3
 Portal Projectile        Hex/Tloc       30%        N/A       7%          3
 Spider Form              Tmut/Pois      15%        N/A       7%          3
 Animate Armour           Summ/Erth      38%        N/A       9%          4
 Leda's Liquefaction      Hex/Erth       9%         N/A       9%          4
 Petrify                  Tmut/Erth      19%        N/A       9%          4
 Anguish                  Hex/Necr       7%         N/A       22%         4
 Cause Fear               Hex            7%         N/A       22%         4
 Ice Form                 Ice/Tmut       15%        N/A       22%         4
 Summon Ice Beast         Ice/Summ       15%        N/A       22%         4
 Agony                    Necr           15%        N/A       52%         5
 Blade Hands              Tmut           7%         N/A       52%         5
 Manifold Assault         Tloc           15%        N/A       52%         5
 Silence                  Hex/Air        7%         N/A       52%         5
 Iron Shot                Conj/Erth      9%         9d3       80%         6
 Dragon Form              Tmut           7%         N/A       100%        7
 Dragon's Call            Summ           7%         N/A       100%        9


Dungeon Overview and Level Annotations

Branches:
Dungeon (11/15)            Temple (0/1) D:7            Lair (2/6) D:8
  Swamp (0/4) Lair:2        Sewer (visited)
  Snake: Lair:2-4    Spider: Lair:2-4       Orc: D:9-12

Altars:
Fedhas
Gozag
Makhleb

Shops:
D:1 (   D:6 *   D:8 [   D:10 *

Annotations:
D:8 1 runed translucent door, Cecur's ghost, novice OpEE
D:10 2 transporters, Slifar's ghost, journeyman DrIE
D:11 Erolcha


Innate Abilities, Weirdness & Mutations

You have very sharp teeth.
Your uncanny sense of smell can sniff out nearby items.
Your experience applies equally to all skills.


Message History

The emperor scorpion is moderately wounded.
The emperor scorpion stings you. The emperor scorpion misses you.
The emperor scorpion barely misses you. The emperor scorpion stings you!
The emperor scorpion claws you but does no damage.
The emperor scorpion claws you.
A red film seems to cover your vision as you go berserk!
You feel yourself moving faster!
You feel mighty!
You feel stable enough to blink again. The emperor scorpion stings you.
You are poisoned.
The emperor scorpion poisons you!
The emperor scorpion closely misses you.
The emperor scorpion claws you but does no damage.
You hit the emperor scorpion but do no damage.
The emperor scorpion is moderately wounded.
You feel extremely sick.
The emperor scorpion completely misses you.
The emperor scorpion claws you but does no damage. x2
You barely miss the emperor scorpion.
The emperor scorpion is moderately wounded.
You feel extremely sick. The emperor scorpion stings you!!
* * * LOW HITPOINT WARNING * * *
You are lethally poisoned!
The emperor scorpion poisons you! The emperor scorpion claws you.
* * * LOW HITPOINT WARNING * * *
The emperor scorpion claws you but does no damage.
You slice the emperor scorpion!!
The emperor scorpion is moderately wounded.
* * * LOW HITPOINT WARNING * * *
You feel extremely sick. The emperor scorpion misses you.
The emperor scorpion barely misses you. x2
Okay, then.
You are too berserk!
Okay, then.
* * * LOW HITPOINT WARNING * * *
You feel extremely sick.
You feel a strong urge to attack something.
You die...
Your body crumbles into a pile of gold.

#....#...........#......#.......
##...#).......P..#......#.#.....
#...#........#.>#........##.P..
#....#.P#P.#....+......#.......
#...............#........##.#.#
#...............#......#.######
#........>......##+#..#..####
#.........................#.###
#...........s.@................
######..####.####.###.####P####
#### ### ### ### ###


You could see an emperor scorpion.

Vanquished Creatures
  2 two-headed ogres
  2 bog bodies (Lair:2)
  A black mamba (Lair:1)
  An orange demon (Lair:1)
  3 cane toads
  A rime drake (Lair:2)
  4 komodo dragons
  3 kobold demonologists
  Grinder (D:3)
  10 blink frogs (Lair:1)
  3 shadows
  Sigmund (D:4)
  3 wyverns
  13 yaks
  A wraith (D:10)
  A basilisk (D:9)
  3 steam dragons
  Menkaure (D:4)
  3 wargs (D:8)
  5 water moccasins
  4 sky beasts
  An orc warrior (D:8)
  An ice beast (D:5)
  4 black bears
  3 ogres
  6 wolves (Lair:1)
  5 centaurs
  A phantom (D:5)
  Blork the orc (D:4)
  6 kobold brigands
  6 bullfrogs
  2 necrophages
  A gnoll sergeant (D:5)
  5 scorpions
  5 wights (D:9)
  24 killer bees
  5 howler monkeys
  4 hounds
  3 jellies
  6 orc priests
  Crazy Yiuf (D:4)
  Ijyb (D:4)
  Natasha (twice) (D:3)
  7 iguanas
  11 orc wizards
  10 adders
  4 gnolls (D:5)
  5 river rats
  A shadow imp (D:7)
  3 worms
  A dart slug (D:2)
  28 orcs
  6 endoplasms
  3 giant cockroaches
  3 goblins
  4 hobgoblins
  3 jackals
  22 kobolds
  8 quokkas
  6 ball pythons
  4 bats
  7 frilled lizards
  9 rats
304 creatures vanquished.

Vanquished Creatures (collateral kills)
  Amaemon (Lair:1)
  A killer bee (D:8)
2 creatures vanquished.

Vanquished Creatures (others)
  2 killer bees (D:8)
  8 fungi
  19 plants
  2 withered plants (D:8)
31 creatures vanquished.

Grand Total: 337 creatures vanquished

Notes
Turn   | Place    | Note
-------+----------+-------------------------------------------
     0 | D:1      | enile the Gnoll Wanderer began the quest for the Orb.
     0 | D:1      | enile set off with the following items: a +0 hand axe, 9
                  | boomerangs, a +0 dagger, a potion of lignification, 30
                  | stones, a +0 leather armour; and the following spell
                  | memorised: Sandblast; and the following spells available to
                  | memorise: Leda's Liquefaction, Petrify
     0 | D:1      | Reached XP level 1. HP: 13/13 MP: 6/6
   150 | D:1      | Found Yggeon's Antique Weapon Shoppe.
   179 | D:1      | Reached XP level 2. HP: 19/19 MP: 3/7
   407 | D:1      | Found a faded altar of an unknown god.
   422 | D:1      | Prayed at the altar of an unknown god.
   422 | D:1      | Became a worshipper of Gozag Ym Sagoz the Greedy
   803 | D:2      | Found a blossoming altar of Fedhas.
   853 | D:2      | Reached skill level 5 in Spellcasting
   853 | D:2      | Reached XP level 3. HP: 25/25 MP: 6/9
   950 | D:2      | Reached skill level 1 in Invocations
  1547 | D:3      | Reached skill level 1 in Fighting
  1547 | D:3      | Reached skill level 1 in Short Blades
  1547 | D:3      | Reached skill level 1 in Long Blades
  1547 | D:3      | Reached skill level 1 in Maces & Flails
  1547 | D:3      | Reached skill level 1 in Polearms
  1547 | D:3      | Reached skill level 1 in Staves
  1547 | D:3      | Reached skill level 1 in Slings
  1547 | D:3      | Reached skill level 1 in Bows
  1547 | D:3      | Reached skill level 1 in Crossbows
  1547 | D:3      | Reached skill level 1 in Armour
  1547 | D:3      | Reached skill level 1 in Dodging
  1547 | D:3      | Reached skill level 1 in Stealth
  1547 | D:3      | Reached skill level 1 in Shields
  1547 | D:3      | Reached skill level 1 in Unarmed Combat
  1547 | D:3      | Reached skill level 1 in Evocations
  1622 | D:3      | Reached XP level 4. HP: 24/32 MP: 11/11
  1736 | D:3      | Reached skill level 1 in Conjurations
  1736 | D:3      | Reached skill level 1 in Hexes
  1736 | D:3      | Reached skill level 1 in Summonings
  1736 | D:3      | Reached skill level 1 in Necromancy
  1736 | D:3      | Reached skill level 1 in Translocations
  1736 | D:3      | Reached skill level 1 in Transmutations
  1736 | D:3      | Reached skill level 1 in Fire Magic
  1736 | D:3      | Reached skill level 1 in Ice Magic
  1736 | D:3      | Reached skill level 1 in Air Magic
  1736 | D:3      | Reached skill level 1 in Poison Magic
  1958 | D:3      | Noticed Natasha
  1980 | D:3      | Killed Natasha
  1981 | D:3      | Reached XP level 5. HP: 37/37 MP: 12/12
  2143 | D:3      | Noticed Natasha
  2149 | D:3      | Killed Natasha
  2344 | D:3      | Noticed Grinder
  2352 | D:3      | Killed Grinder
  2353 | D:3      | Reached skill level 5 in Axes
  2353 | D:3      | Reached XP level 6. HP: 44/44 MP: 14/14
  2496 | D:1      | Bought an ivory battleaxe for 253 gold pieces
  2496 | D:1      | Identified the +11 battleaxe of Bathis {antimagic, rElec
                  | rCorr} (You bought it in a shop on level 1 of the Dungeon)
  2554 | D:4      | Learned a level 2 spell: Blink
  2610 | D:4      | Noticed a black bear
  2616 | D:4      | Killed a black bear
  2617 | D:4      | Reached skill level 9 in Earth Magic
  2617 | D:4      | Reached XP level 7. HP: 50/50 MP: 5/15
  2645 | D:4      | Noticed Menkaure
  2651 | D:4      | Killed Menkaure
  3005 | D:4      | Noticed Sigmund
  3019 | D:4      | Killed Sigmund
  3020 | D:4      | Reached XP level 8. HP: 51/57 MP: 5/16
  3069 | D:4      | Found a runed translucent door.
  3070 | D:4      | Noticed Crazy Yiuf
  3118 | D:4      | Noticed Blork the orc
  3211 | D:4      | Killed Blork the orc
  3423 | D:4      | Noticed Ijyb
  3429 | D:4      | Killed Ijyb
  3703 | D:4      | Killed Crazy Yiuf
  3732 | D:5      | Entered Level 5 of the Dungeon
  3794 | D:5      | Found a glowing drain.
  3806 | Sewer    | Entered a sewer
  4664 | D:5      | Reached XP level 9. HP: 63/65 MP: 6/18
  5136 | D:5      | Reached skill level 5 in Throwing
  5463 | D:5      | Found a burning altar of Makhleb.
  5464 | D:5      | Identified a scroll of acquirement
  5468 | D:5      | Acquired the +0 pair of gloves of the Slug {rElec rC+ Int-3
                  | Stlth+}
  5960 | D:6      | Reached skill level 5 in Invocations
  6653 | D:6      | Reached XP level 10. HP: 67/73 MP: 6/20
  6836 | D:6      | Identified the +9 whip of Madidghea {pain, rElec}
  7006 | D:6      | Found Cuesael's Assorted Antiques.
  7249 | D:7      | Noticed a two-headed ogre
  7429 | D:7      | Found a staircase to the Ecumenical Temple.
  7571 | D:7      | Reached skill level 5 in Fighting
  7571 | D:7      | Reached skill level 5 in Short Blades
  7571 | D:7      | Reached skill level 5 in Long Blades
  7571 | D:7      | Reached skill level 5 in Maces & Flails
  7571 | D:7      | Reached skill level 5 in Polearms
  7571 | D:7      | Reached skill level 5 in Staves
  7571 | D:7      | Reached skill level 5 in Slings
  7571 | D:7      | Reached skill level 5 in Bows
  7571 | D:7      | Reached skill level 5 in Crossbows
  7571 | D:7      | Reached skill level 5 in Armour
  7571 | D:7      | Reached skill level 5 in Dodging
  7571 | D:7      | Reached skill level 5 in Stealth
  7571 | D:7      | Reached skill level 5 in Shields
  7571 | D:7      | Reached skill level 5 in Unarmed Combat
  7571 | D:7      | Reached skill level 5 in Evocations
  7676 | D:7      | Killed a two-headed ogre
  8276 | D:8      | Found Fuvysioh's Antique Armour Emporium.
  8816 | D:8      | Found a staircase to the Lair.
  8820 | D:8      | Reached skill level 10 in Earth Magic
  9119 | D:8      | Reached XP level 11. HP: 71/81 MP: 7/22
  9202 | D:8      | Found a runed translucent door.
  9202 | D:8      | Noticed Cecur's ghost (novice OpEE)
  9709 | D:9      | Reached skill level 5 in Conjurations
  9709 | D:9      | Reached skill level 5 in Hexes
  9709 | D:9      | Reached skill level 5 in Summonings
  9709 | D:9      | Reached skill level 5 in Necromancy
  9709 | D:9      | Reached skill level 5 in Translocations
  9709 | D:9      | Reached skill level 5 in Transmutations
  9709 | D:9      | Reached skill level 5 in Fire Magic
  9709 | D:9      | Reached skill level 5 in Ice Magic
  9709 | D:9      | Reached skill level 5 in Air Magic
  9709 | D:9      | Reached skill level 5 in Poison Magic
 10654 | D:10     | Entered Level 10 of the Dungeon
 10681 | D:10     | Found Daubemirgh's General Store.
 10715 | D:10     | Bought a phantom mirror for 400 gold pieces
 10715 | D:10     | Bought a wand of charming (5) for 70 gold pieces
 10715 | D:10     | Bought a scroll of identify for 20 gold pieces
 10715 | D:10     | Bought a scroll of identify for 20 gold pieces
 10715 | D:10     | Bought a scroll of vulnerability for 75 gold pieces
 10715 | D:10     | Bought a potion of heal wounds for 50 gold pieces
 10901 | D:10     | Found a transporter.
 10905 | D:10     | Noticed Slifar's ghost (journeyman DrIE)
 11003 | D:10     | Noticed a two-headed ogre
 11010 | D:10     | Killed a two-headed ogre
 11329 | D:10     | Found a transporter.
 11456 | D:11     | Noticed Erolcha
 11533 | Lair:1   | Entered Level 1 of the Lair of Beasts
 11810 | Lair:1   | Reached XP level 12. HP: 70/89 MP: 8/24
 11923 | Lair:1   | You fall into a shaft and drop 1 floor!
 12465 | Lair:1   | Noticed Amaemon
 12481 | Lair:1   | Killed Amaemon
 12780 | Lair:2   | Noticed a death yak
 12782 | Lair:2   | Noticed a death yak
 12783 | Lair:2   | Noticed a death yak
 12835 | Lair:2   | Found a staircase to the Swamp.
 12945 | Lair:2   | Noticed an eight-headed hydra
 12996 | Lair:2   | Noticed a catoblepas
 13124 | Lair:1   | Noticed an emperor scorpion
 13124 | Lair:1   | an eight-headed hydra changed into an emperor scorpion
 13137 | Lair:1   | HP: 3/136 [poisoned by an emperor scorpion]
 13138 | Lair:1   | Succumbed to an emperor scorpion's poison

Illustrated notes

Levels and vault maps discovered:
D:1:      nicolae_arrival_washed_ashore, layout_basic, serial_shops,
          nicolae_shop_hallway_stairs, ebering_ecumenical_altar_rust,
          minmay_cupped
D:2:      minmay_angry_zag, layout_rooms, basic_altar,
          kennysheep_generic_room_16
D:3:      layout_basic, serial_park_tiny_2, uniq_natasha, uniq_grinder
D:4:      layout_basic, uniq_sigmund, uniq_menkaure, uniq_ijyb,
          uniq_blork_the_orc, uniq_crazy_yiuf_cottage
D:5:      layout_rooms, kennysheep_mini, portal_sewer_entry_e,
          serial_co_window_serial, co_window_corner_a, co_window_paths_a,
          co_window_paths_a, co_window_paths_b, co_window_corner_a,
          co_window_cross_3, co_window_broadway_a, co_window_of_opportunity_b,
          co_window_cross_4, co_window_sun, co_window_4corner_b,
          glass_columns_c, glass_columns_b, glass_columns_b, glass_columns_b
D:6:      layout_cave_pools, serial_shops, nicolae_take_the_stairs
D:7:      layout_loops_ring, minmay_temple_entry_hall, st_stairs_8
D:8:      layout_loops_cross, erik_lair_orcish_takeover, gammafunk_ghost_grave,
          serial_shops, nicolae_stop_n_shop_1, minmay_fractal_squares_5
D:9:      layout_layer_cave
D:10:     layout_loops_cross, serial_shops, shop_statue,
          gammafunk_ghost_stat_death, billiards_dpeg
D:11:     layout_roguey, uniq_grum, uniq_erolcha
Lair:1:   statuecave_lemuel, layout_chaotic_city, uniq_amaemon
Lair:2:   layout_loops_ring, skrybe_swamp_entry_bodies

Skill      XL: |  1  2  3  4  5  6  7  8  9 10 11 12 |
---------------+-------------------------------------+-----
Spellcasting   | 5 6 7 8 9 |  9.1
Invocations    | 1 2 3 4 5 6 7 8 |  8.2
Fighting       | 1 2 3 4 5 6 7 |  7.5
Short Blades   | 1 2 3 4 5 6 7 |  7.5
Long Blades    | 1 2 3 4 5 6 7 |  7.5
Maces & Flails | 1 2 3 4 5 6 7 |  7.5
Polearms       | 1 2 3 4 5 6 7 |  7.5
Staves         | 1 2 3 4 5 6 7 |  7.5
Slings         | 1 2 3 4 5 6 7 |  7.5
Bows           | 1 2 3 4 5 6 7 |  7.5
Crossbows      | 1 2 3 4 5 6 7 |  7.5
Armour         | 1 2 3 4 5 6 7 |  7.5
Dodging        | 1 2 3 4 5 6 7 |  7.5
Stealth        | 1 2 3 4 5 6 7 |  7.5
Shields        | 1 2 3 4 5 6 7 |  7.5
Unarmed Combat | 1 2 3 4 5 6 7 |  7.5
Evocations     | 1 2 3 4 5 6 7 |  7.5
Conjurations   | 1 2 3 4 5 6 |  6.2
Hexes          | 1 2 3 4 5 6 |  6.2
Summonings     | 1 2 3 4 5 6 |  6.2
Necromancy     | 1 2 3 4 5 6 |  6.2
Translocations | 1 2 3 4 5 6 |  6.2
Transmutations | 1 2 3 4 5 6 |  6.2
Fire Magic     | 1 2 3 4 5 6 |  6.2
Ice Magic      | 1 2 3 4 5 6 |  6.2
Air Magic      | 1 2 3 4 5 6 |  6.2
Poison Magic   | 1 2 3 4 5 6 |  6.2
Throwing       | 3 4 5 6 7 8 |  8.0
Axes           | 5 6 7 8 |  8.9
Earth Magic    | 9 10 | 10.8

Action                   |  1- 3 |  4- 6 |  7- 9 | 10-12 || total
-------------------------+-------+-------+-------+-------++-------
Melee: Hand axe          |     6 |       |       |       ||     6
       Great mace        |    15 |    80 |       |       ||    95
       Bite              |     2 |     8 |    27 |    43 ||    80
       Battleaxe         |       |     5 |   214 |   438 ||   657
       Unarmed           |       |       |       |     6 ||     6
Throw: Dart              |       |    10 |     9 |     1 ||    20
       Boomerang         |       |       |    15 |    36 ||    51
       Throwing net      |       |       |     1 |     1 ||     2
 Cast: Sandblast         |    47 |       |       |       ||    47
       Blink             |       |       |       |     1 ||     1
Evoke: Wand              |       |       |       |     8 ||     8
       Phantom mirror    |       |       |       |     1 ||     1
  Use: Potion            |       |     2 |     2 |     4 ||     8
       Scroll            |       |       |     5 |    13 ||    18
 Stab: Sleeping          |       |     1 |     6 |     5 ||    12
       Distracted        |       |       |     2 |     7 ||     9
       Held in net/web   |       |       |       |     1 ||     1
       Confused          |       |       |       |     1 ||     1
Armor: Leather armour    |     9 |    15 |    38 |    13 ||    75
       Skin              |       |    26 |       |     1 ||    27
       Ring mail         |       |       |       |   226 ||   226
Dodge: Dodged            |    22 |    46 |   164 |   447 ||   679

Table legend: (Time is in decaauts)
 A = Elapsed time spent in this place.
 B = Non-inter-level travel time spent in this place.
 C = Inter-level travel time spent in this place.
 D = Time resting spent in this place.
 E = Time spent auto-exploring this place.
 F = Levels seen in this place.
 G = Mean time per level.
                   A        B        C        D        E       F      G
               +--------+--------+--------+--------+--------+-----+--------+
         Total |  13618 |  12889 |    729 |   1142 |   8954 |  14 |  972.7 |
       Dungeon |  11230 |  10612 |    618 |   1124 |   7398 |  11 | 1020.9 |
          Lair |   1482 |   1372 |    110 |     18 |    875 |   2 |  741.0 |
         Sewer |    905 |    905 |      0 |      0 |    680 |   1 |  905.0 |
               +--------+--------+--------+--------+--------+-----+--------+

Top non-repeatable levels by time:
     D:5: 1810 daAuts
     D:4: 1435 daAuts
     D:8: 1387 daAuts
  Lair:1: 1253 daAuts
     D:7: 1199 daAuts
     D:9: 1152 daAuts
     D:3: 1079 daAuts
   Sewer: 905 daAuts
    D:10: 856 daAuts
     D:1: 805 daAuts
     D:6: 765 daAuts
     D:2: 725 daAuts
  Lair:2: 229 daAuts
    D:11: 11 daAuts
